 Dungeon Crawl Stone Soup version 0.31-a0-325-g067879e3d3 (webtiles) character file.

Game seed: 6242252042126605447

52 HallandMoats the Trooper (level 3, -1/24 HPs)
             Began as a Gargoyle Fighter on July 19, 2023.
             Was a Follower of Makhleb.
             Slain by a gnoll
             ... wielding a +0 quarterstaff
              (6 damage)
             ... on level 2 of the Dungeon.
             The game lasted 00:02:01 (1072 turns).

HallandMoats the Trooper (Gargoyle Fighter)         Turns: 1072, Time: 00:02:01

Health: -1/24      AC: 10    Str: 19    XL:     3   Next: 85%
Magic:  3/3        EV:  9    Int:  8    God:    Makhleb [*.....]
Gold:   29         SH:  4    Dex: 11    Spells: 2/2 levels left

rFire   . . .        a - +0 flail
rCold   . . .        c - +0 buckler
rNeg    + . .        b - +0 scale mail
rPois   ∞            (no helmet)
rElec   +            (no cloak)
rCorr   .            (no gloves)
SInv    .            (no boots)
Will    .....        (no amulet) Stlth
                     (no ring)
HPRegen 0.24/turn    (no ring)
MPRegen 0.08/turn

%: no passive effects
@: no status effects
A: sickness immunity, AC +3, negative energy resistance 1, electricity
resistance, torment resistance 1, petrification resistance
a: Renounce Religion


You were on level 2 of the Dungeon.
You worshipped Makhleb.
Makhleb was aware of your devotion.
You visited 1 branch of the dungeon, and saw 2 of its levels.

You collected 59 gold pieces.
You spent 30 gold pieces at shops.

Inventory:

Hand Weapons
 a - a +0 flail (weapon)
Armour
 b - a +0 scale mail (worn)
 c - a +0 buckler (worn)
Jewellery
 n - a ring of willpower
Scrolls
 e - a scroll of brand weapon {unknown}
 g - a scroll of immolation {unknown}
 h - 2 scrolls of revelation {unknown}
 i - 3 scrolls of identify {unknown}
 j - a scroll of blinking {unknown}
 l - a scroll of teleportation
 m - 2 scrolls of enchant weapon {unknown}
Potions
 d - a potion of might
 f - 2 potions of lignification {unknown}
 k - a potion of enlightenment {unknown}


   Skills:
 * Level 3.9 Fighting
 * Level 2.7 Maces & Flails
 + Level 3.5 Armour
 + Level 0.7 Dodging
 + Level 3.5 Shields


You had 2 spell levels left.
You didn't know any spells.
Your spell library contained the following spells:

 Spells                   Type           Power      Damage    Failure   Level
 Apportation              Tloc           0%         N/A       85%         1
 Alistair's Intoxication  Tmut/Pois      0%         N/A       100%        5


Dungeon Overview and Level Annotations

Branches:
Dungeon (2/15)

Altars:
Makhleb

Shops:
D:1 ?


Innate Abilities, Weirdness & Mutations

You are immune to sickness and miasma.
Your stone body is resilient. (AC +3)
You are immune to poison.
You resist negative energy. (rN+)
You are resistant to electric shocks. (rElec)
You are resistant to unholy torment.
You are immune to petrification.


Message History

The gnoll barely misses you.
You closely miss the gnoll.
The gnoll is heavily wounded.
The goblin hits you but does no damage. The gnoll hits you but does no damage.
You hit the gnoll.
The gnoll is severely wounded.
The goblin hits you but does no damage. The gnoll hits you with a +0 spear.
The gnoll completely misses you. The goblin hits you but does no damage.
You hit the gnoll.
The gnoll is severely wounded.
The gnoll hits you but does no damage. The goblin hits you but does no damage.
You thump the gnoll!
You kill the gnoll!
Makhleb accepts your kill. The goblin hits you with a +0 flail.
You hit the goblin but do no damage. The goblin barely misses you.
You closely miss the goblin. The goblin closely misses you. x2
You barely miss the goblin. The goblin closely misses you.
You closely miss the goblin. The goblin hits you with a +0 flail.
The goblin hits you but does no damage.
You hit the goblin.
The goblin is severely wounded.
The goblin barely misses you.
You sock the goblin!
You kill the goblin!
Makhleb accepts your kill.
You closely miss the gnoll.
The gnoll hits you with a +0 quarterstaff!
* * * LOW HITPOINT WARNING * * *
You hit the gnoll.
The gnoll is moderately wounded.
The gnoll hits you but does no damage. The gnoll barely misses you.
You barely miss the gnoll.
The gnoll is moderately wounded.
The gnoll hits you with a +0 quarterstaff.
* * * LOW HITPOINT WARNING * * *
You hit the gnoll.
The gnoll is severely wounded.
The gnoll hits you with a +0 quarterstaff.
You die...

### ####.# #....#
#.##.##### #.##.#...#
#....#.#.#
###########.#.#.###
..........)@......#
.#############g#)##.#.#
.............#.#^##.#.#
#########.......#_##.#.#
....†...<...#.#.####.#.##
########......#.##.#.#..#
....................#
#######.##.###..###.#.)#
####
#.....#................#
....#


You could see a gnoll.

Vanquished Creatures
  2 gnolls (D:2)
  A dart slug (D:2)
  2 ball pythons (D:1)
  3 bats
  2 endoplasms
  A giant cockroach (D:1)
  2 goblins
  A hobgoblin (D:1)
  4 jackals (D:1)
  3 frilled lizards (D:1)
  7 kobolds
  A rat (D:1)
29 creatures vanquished.

Notes
Turn   | Place    | Note
-------+----------+-------------------------------------------
     0 | D:1      | HallandMoats the Gargoyle Fighter began the quest for the
                  | Orb.
     0 | D:1      | Reached XP level 1. HP: 14/14 MP: 1/1
   243 | D:1      | Found Utykh's Magic Scroll Shop.
   257 | D:1      | Reached XP level 2. HP: 17/19 MP: 2/2
   292 | D:1      | Bought a scroll of teleportation for 30 gold pieces
   743 | D:1      | Reached XP level 3. HP: 23/24 MP: 3/3
  1028 | D:2      | Found a faded altar of an unknown god.
  1050 | D:2      | Prayed at the altar of an unknown god.
  1050 | D:2      | Became a worshipper of Makhleb the Destroyer
  1050 | D:2      | Reached * piety under Makhleb
  1072 | D:2      | Slain by a gnoll

Illustrated notes

Levels and vault maps discovered:
D:1:      lightli_arrival_windingriver, layout_basic, serial_shops, shop_statue,
          grunt_decor_arrowhead
D:2:      layout_basic, hellmonk_ecumenical_altar_leap_of_faith,
          minmay_tiny_reverse_x

Action                     || total
---------------------------++-------
  Melee: Flail             ||   128
 Armour: Scale mail        ||    75
  Dodge: Dodged            ||    72
  Block: Buckler           ||    34

Table legend: (Time is in decaauts)
 A = Elapsed time spent in this place.
 B = Non-inter-level travel time spent in this place.
 C = Inter-level travel time spent in this place.
 D = Time resting spent in this place.
 E = Time spent auto-exploring this place.
 F = Levels seen in this place.
 G = Mean time per level.
                   A        B        C        D        E       F      G
               +--------+--------+--------+--------+--------+-----+--------+
         Total |   1115 |   1101 |     14 |      0 |    732 |   2 |  557.5 |
       Dungeon |   1115 |   1101 |     14 |      0 |    732 |   2 |  557.5 |
               +--------+--------+--------+--------+--------+-----+--------+

Top non-repeatable levels by time:
     D:1: 946 daAuts
     D:2: 169 daAuts
